 Dungeon Crawl Stone Soup version 0.30-a0-743-gbfdf073431 (webtiles) character file.

Game seed: 16994690396335898534

54 ZeroWinrate the Conjurer (level 3, -3/31 HPs)
             Began as an Armataur Reaver on Feb 5, 2023.
             Slain by a gnoll
             ... wielding a +0 flail
              (6 damage)
             ... on level 2 of the Dungeon.
             The game lasted 00:02:07 (1226 turns).

ZeroWinrate the Conjurer (Armataur Reaver)          Turns: 1226, Time: 00:02:08

Health: -3/31      AC:  5    Str: 17    XL:     3   Next: 66%
Magic:  6/6        EV:  9    Int: 15    God:
Gold:   54         SH:  0    Dex:  8    Spells: 3/6 levels left

rFire   + . .      SeeInvis .    a - +0 hand axe
rCold   + . .      Faith    .    (no shield)
rNeg    . . .      Spirit   .    b - +0 leather armour
rPois   +          Reflect  .    (no helmet)
rElec   +          Harm     .    c - +0 cloak
rCorr   +          Roll     +    (no gloves)
Will    .....                    (no barding)
Stlth   +                        g - amulet of regeneration
HPRegen 1.05/turn                (no ring)
MPRegen 0.10/turn                (no ring)

@: resistant, attractive, hasted, very quick
A: large, rugged brown scales 3, deformed body, armoured tail, roll, long
tongue, awkward tongue
a: no special abilities


You were on level 2 of the Dungeon.
You visited 1 branch of the dungeon, and saw 2 of its levels.

You collected 54 gold pieces.

Inventory:

Hand Weapons
 a - a +0 hand axe (weapon)
Armour
 b - a +0 leather armour (worn)
 c - a +0 cloak (worn)
Jewellery
 g - an amulet of regeneration (around neck)
 h - an amulet of the acrobat
 k - a +4 ring of slaying
Scrolls
 e - a scroll of identify {unknown}
 f - a scroll of brand weapon {unknown}
 l - a scroll of immolation {unknown}
 o - a scroll of amnesia {unknown}
Potions
 d - a potion of heal wounds {unknown}
 j - a potion of resistance
 m - 3 potions of attraction
 n - a potion of curing {unknown}


   Skills:
 + Level 2.3 Fighting
 + Level 2.7 Axes
 + Level 1.8 Dodging
 + Level 2.1 Spellcasting
 + Level 3.0 Conjurations


You had 3 spell levels left.
You knew the following spells:

 Your Spells              Type           Power      Damage    Failure   Level
a - Kiss of Death         Conj/Necr      24%        2d7       14%         1
b - Momentum Strike       Conj/Tloc      12%        3d8       22%         2

Your spell library contained the following spells:

 Spells                   Type           Power      Damage    Failure   Level
 Slow                     Hex            4%         N/A       26%         1
 Dazzling Flash           Conj/Hex       12%        N/A       38%         3
 Hailstorm                Conj/Ice       6%         3d4       38%         3
 Confusing Touch          Hex            1%         N/A       63%         3
 Vampiric Draining        Necr           1%         2d6       63%         3
 Iskenderun's Mystic Bla  Conj/Tloc      6%         2d4       80%         4
 Irradiate                Conj/Tmut      3%         3d12      98%         5
 Agony                    Necr           1%         N/A       100%        5
 Blade Hands              Tmut           0%         N/A       100%        5
 Silence                  Hex/Air        0%         N/A       100%        5
 Starburst                Conj/Fire      3%         6d3       100%        6
 Dragon Form              Tmut           0%         N/A       100%        7


Dungeon Overview and Level Annotations

Branches:
Dungeon (2/15)

Altars:


Innate Abilities, Weirdness & Mutations

You are completely covered in rugged brown scales. (AC +3, +7% HP)
Armour fits poorly on your strangely shaped body.
You have a long armoured tail.
You roll when moving toward enemies. (Rampage)
Your long tongue fully drains potion bottles. (2x potion effects)
Your tongue gives you trouble enunciating. (1.5x scroll delay)


Message History

The gnoll closely misses you.
You hit the gnoll.
Your tail-slap misses the gnoll.
The gnoll is lightly wounded.
The gnoll hits you with a +0 club. x2
You closely miss the gnoll.
The gnoll is lightly wounded.
You completely miss the gnoll. You closely miss the gnoll.
The gnoll hits you with a +0 flail.
You hit the gnoll.
The gnoll is moderately wounded.
The gnoll hits you with a +0 flail.
You hit the gnoll.
Your tail-slap misses the gnoll.
The gnoll is moderately wounded.
The gnoll hits you but does no damage.
You closely miss the gnoll.
The gnoll is moderately wounded.
The gnoll hits you with a +0 flail! The gnoll hits you with a +0 flail.
You hit the gnoll.
Your tail-slap misses the gnoll.
The gnoll is severely wounded.
The gnoll hits you with a +0 flail!
You are too injured to fight recklessly!
There are monsters nearby!
There are monsters nearby!
You are too injured to fight recklessly!
The gnoll attacks as you move away! The gnoll hits you with a +0 flail!
* * * LOW HITPOINT WARNING * * *
Okay, then.
You slurp down every last drop of the 4 dark potions!
It was a potion of attraction.
You feel attractive to monsters. The gnoll barely misses you.
The gnoll is attracted toward you.
You slurp down every last drop of the 2 bubbling sapphire potions!
It was a potion of resistance.
You feel protected. The gnoll hits you with a +0 flail.
* * * LOW HITPOINT WARNING * * *
You slurp down every last drop of the grey potion!
It was a potion of haste.
You feel yourself speed up. The gnoll hits you with a +0 flail.
You die...

#.#.#..#
#.#.#..# .#.#..#
#.#..# #.#..#
#....# ###.##
#.##############
#.......@ggg...#
##############.#
# . ###


You could see 3 gnolls.

Vanquished Creatures
  An adder (D:2)
  8 bats
  7 endoplasms
  3 giant cockroaches
  3 goblins
  A hobgoblin (D:1)
  2 jackals (D:2)
  2 quokkas (D:1)
  5 ball pythons (D:1)
  5 frilled lizards
  2 kobolds (D:1)
  2 rats
41 creatures vanquished.

Notes
Turn   | Place    | Note
-------+----------+-------------------------------------------
     0 | D:1      | ZeroWinrate the Armataur Reaver began the quest for the
                  | Orb.
     0 | D:1      | Reached XP level 1. HP: 18/18 MP: 3/3
    74 | D:1      | Found a faded altar of an unknown god.
   206 | D:1      | Reached XP level 2. HP: 16/25 MP: 4/4
   778 | D:1      | Reached XP level 3. HP: 31/31 MP: 6/6
   781 | D:1      | Learned a level 2 spell: Momentum Strike
   917 | D:2      | Reached skill level 3 in Conjurations
  1226 | D:2      | Slain by a gnoll

Illustrated notes

Levels and vault maps discovered:
D:1:      lightli_arrival_flooded_house, layout_basic,
          hellmonk_ecumenical_altar_zigzags
D:2:      layout_basic

Skill      XL: |  1  2  3 |
---------------+----------+-----
Fighting       | 2 |  2.3
Spellcasting   | 2 |  2.1
Conjurations   | 3 |  3.0
Axes           | |  2.7
Dodging        | |  1.8

Action                     || total
---------------------------++-------
  Melee: Hand axe          ||   128
         Tailslap          ||    10
         Punch             ||     2
    Use: Potion            ||     3
   Stab: Sleeping          ||     1
 Armour: Leather armour    ||    44
  Dodge: Dodged            ||    65

Table legend: (Time is in decaauts)
 A = Elapsed time spent in this place.
 B = Non-inter-level travel time spent in this place.
 C = Inter-level travel time spent in this place.
 D = Time resting spent in this place.
 E = Time spent auto-exploring this place.
 F = Levels seen in this place.
 G = Mean time per level.
                   A        B        C        D        E       F      G
               +--------+--------+--------+--------+--------+-----+--------+
         Total |   1248 |   1168 |     80 |      0 |    896 |   2 |  624.0 |
       Dungeon |   1248 |   1168 |     80 |      0 |    896 |   2 |  624.0 |
               +--------+--------+--------+--------+--------+-----+--------+

Top non-repeatable levels by time:
     D:1: 906 daAuts
     D:2: 342 daAuts
